 Dungeon Crawl Stone Soup version 0.32-a0-42-ga30500b4d3 (webtiles) character file.

Game seed: 4552585232868710473

77 CowFu the Chiller (level 3, -3/28 HPs)
             Began as a Demigod Ice Elementalist on Feb 1, 2024.
             Slain by a gnoll
             ... wielding a +0 halberd
              (8 damage)
             ... on level 2 of the Dungeon.
             The game lasted 00:03:13 (1575 turns).

CowFu the Chiller (Demigod Ice Elementalist)        Turns: 1575, Time: 00:03:13

Health: -3/28      AC:  2    Str:  9    XL:     3   Next: 92%
Magic:  6/9        EV: 12    Int: 21    God:
Gold:   123        SH:  0    Dex: 14    Spells: 2/6 levels left

rFire   . . .        (no weapon)
rCold   . . .        (no shield)
rNeg    . . .        a - +0 robe
rPois   .            (no helmet)
rElec   .            (no cloak)
rCorr   .            (no gloves)
SInv    .            (no boots)
Will    .....        (no amulet)
Stlth   ++           (no ring)
HPRegen 0.24/turn    (no ring)
MPRegen 0.11/turn

%: no passive effects
@: freezing walls
A: high MP 1, forlorn, divine attributes
a: no special abilities


You were on level 2 of the Dungeon.
You visited 1 branch of the dungeon, and saw 2 of its levels.

You collected 123 gold pieces.

Inventory:

Armour
 a - a +0 robe (worn)
Jewellery
 d - a ring of poison resistance
Scrolls
 e - a scroll of teleportation {unknown}
 f - a scroll of amnesia {unknown}
 h - a scroll of identify {unknown}
 i - a scroll of enchant weapon {unknown}
Potions
 b - a potion of magic
 c - a potion of brilliance {unknown}
 g - a potion of lignification {unknown}


   Skills:
 + Level 1.4 Fighting
 + Level 2.4 Dodging
 - Level 1.7 Stealth
 + Level 2.4 Spellcasting
 + Level 4.0 Ice Magic


You had 2 spell levels left.
You knew the following spells:

 Your Spells              Type           Power      Damage    Failure   Level
a - Freeze                Ice            76%        1d8       2%          1
b - Frozen Ramparts       Ice            38%        1d6       8%          3

Your spell library contained the following spells:

 Spells                   Type           Power      Damage    Failure   Level
 Ozocubu's Armour         Ice            19%        N/A       8%          3
 Summon Ice Beast         Ice/Summ       11%        N/A       19%         3


Dungeon Overview and Level Annotations

Branches:
Dungeon (2/15)

Annotations:
D:2 Sigmund


Innate Abilities, Weirdness & Mutations

You have an increased reservoir of magic. (+10% MP)
You shall have no god before yourself.
Your divine heritage dramatically boosts your attributes as you level up.


Message History

Casting: Freeze (safe; 2% risk of failure)
Confirm with . or Enter, or press ? or * to list all spells.
Aiming: Freeze (safe; 2% risk of failure)
Press: ? - help, Shift-Dir - straight line, f - kobold
Aim: a kobold, wielding a +0 short sword You freeze the kobold!
You kill the kobold!
You hear a splash.
This spell is quite dangerous to cast!
You start memorising the spell.
You continue memorising. x3
You finish memorising.
Spell assigned to 'b'.
Okay, then.
A gnoll is nearby!
A gnoll is nearby!
A gnoll is nearby!
A gnoll comes into view. It is wielding a +0 club.
The gnoll shouts!
The gnoll hits you from afar with a +0 halberd!
Casting: Freeze (safe; 2% risk of failure)
Confirm with . or Enter, or press ? or * to list all spells.
Okay, then.
The gnoll attacks as it pursues you! The gnoll barely misses you.
Casting: Frozen Ramparts (quite dangerous; 8% risk of failure)
Confirm with . or Enter, or press ? or * to list all spells.
Okay, then.
The gnoll hits you with a +0 halberd!
* * * LOW HITPOINT WARNING * * *
Casting: Frozen Ramparts (quite dangerous; 8% risk of failure)
Confirm with . or Enter, or press ? or * to list all spells.
Aiming: Freeze (safe; 2% risk of failure)
Press: ? - help, Shift-Dir - straight line, f - gnoll
Aim: a gnoll, wielding a +0 halberd
Okay, then.
Casting: Freeze (safe; 2% risk of failure)
Confirm with . or Enter, or press ? or * to list all spells.
Casting: Frozen Ramparts (quite dangerous; 8% risk of failure)
Press: ? - help, Dir - look around, f - activate The walls around you are covered in ice.
The wall freezes the gnoll.
The gnoll hits you with a +0 halberd!
You die...

~~~≈≈≈≈≈≈≈≈≈≈≈P~
~♣~~≈≈~≈≈≈≈≈≈P~P
♣PP~≈~~~≈≈~~≈~P~
~P~P~≈≈~≈≈~P~~♣~
~P♣~~~~~~~♣~♣~~g♣♣
♣♣♣♣♣~♣P♣~♣ ♣.#
....♣♣.♣♣♣♣♣. #.#
###........... #g#
...'.......... #@#
####..>....... #.#
.##........... #.#
....#+#+#+#### #.#
##..#.#.#.# #.#
##.#.#.#.#
#.########
#...#.#.#
#.........
###.......###
#..#######
....#.#.....# #..#


You could see 2 gnolls.

Vanquished Creatures
  Natasha (D:2)
  Robin (D:2)
  A dart slug (D:1)
  7 giant cockroaches (D:1)
  7 goblins
  2 hobgoblins (D:2)
  3 jackals (D:1)
  3 kobolds
  2 quokkas
  4 ball pythons
  A frilled lizard (D:1)
  4 rats
36 creatures vanquished.

Notes
Turn   | Place    | Note
-------+----------+-------------------------------------------
     0 | D:1      | CowFu the Demigod Ice Elementalist began the quest for the
                  | Orb.
     0 | D:1      | Reached XP level 1. HP: 14/14 MP: 5/5
   508 | D:1      | Reached XP level 2. HP: 22/22 MP: 4/7
  1068 | D:2      | Reached skill level 1 in Fighting
  1077 | D:2      | Noticed Robin
  1101 | D:2      | Killed Robin
  1102 | D:2      | Reached XP level 3. HP: 22/28 MP: 3/9
  1268 | D:2      | Reached skill level 4 in Ice Magic
  1353 | D:2      | Noticed Natasha
  1362 | D:2      | Killed Natasha
  1496 | D:2      | Noticed Sigmund
  1565 | D:2      | Learned a level 3 spell: Frozen Ramparts
  1575 | D:2      | Slain by a gnoll

Illustrated notes

Levels and vault maps discovered:
D:1:      minmay_arrival_hallway, layout_loops_ring, minmay_worlds_worst_comb
D:2:      layout_basic, basic_altar, serial_bayou, serial_bayou_pond_e,
          serial_bayou_lagoon_a, serial_bayou_lake_a, serial_bayou_pond_d,
          roderic_lattice_a, chequers_decorated_corner, uniq_sigmund,
          uniq_robin, uniq_natasha

Skill      XL: |  1  2  3 |
---------------+----------+-----
Dodging        | 2 |  2.4
Spellcasting   | 2 |  2.4
Fighting       | 1 |  1.4
Ice Magic      | 4 |  4.0
Stealth        | |  1.7

Action                     || total
---------------------------++-------
  Melee: Unarmed           ||     9
   Cast: Freeze            ||    60
         Frozen Ramparts   ||     1
 Armour: Robe              ||    38
  Dodge: Dodged            ||    47

Table legend: (Time is in decaauts)
 A = Elapsed time spent in this place.
 B = Non-inter-level travel time spent in this place.
 C = Inter-level travel time spent in this place.
 D = Time resting spent in this place.
 E = Time spent auto-exploring this place.
 F = Levels seen in this place.
 G = Mean time per level.
                   A        B        C        D        E       F      G
               +--------+--------+--------+--------+--------+-----+--------+
         Total |   1581 |   1562 |     19 |      0 |   1192 |   2 |  790.5 |
       Dungeon |   1581 |   1562 |     19 |      0 |   1192 |   2 |  790.5 |
               +--------+--------+--------+--------+--------+-----+--------+

Top non-repeatable levels by time:
     D:1: 1013 daAuts
     D:2: 568 daAuts
